 Seeded DCSS version 0.29.1-2-gbd0b4ee654 (webtiles) character file.

Game seed: 3311 (custom seed)

46 Ashen the Magician (level 3, 0/26 HPs)
             Began as a Demonspawn Hedge Wizard on Oct 27, 2022.
             Slain by Crazy Yiuf
             ... wielding a +3 quarterstaff of chaos
              (7 damage)
             ... on level 2 of the Dungeon.
             The game lasted 00:04:32 (2930 turns).

Ashen the Magician (Demonspawn Hedge Wizard)        Turns: 2930, Time: 00:04:32

Health: 0/26       AC:  3    Str: 10    XL:     3   Next: 44%
Magic:  1/7        EV: 12    Int: 17    God:
Gold:   111        SH:  0    Dex: 12    Spells: 3/8 levels left

rFire   . . .      SeeInvis .   k - +0 short sword (venom)
rCold   . . .      Faith    .   (no shield)
rNeg    . . .      Spirit   .   n - +0 leather armour
rPois   .          Reflect  .   c - +0 hat
rElec   .          Harm     .   (no cloak)
rCorr   .          Rampage  .   (no gloves)
Will    .....                   (no boots)
Stlth   ++........              (no amulet)
HPRegen 0.08/turn               (no ring)
MPRegen 0.10/turn               (no ring)

@: no status effects
A: sturdy frame 2
a: no special abilities


You were on level 2 of the Dungeon.
You visited 1 branch of the dungeon, and saw 2 of its levels.

You collected 111 gold pieces.

Inventory:

Hand Weapons
 a - a +0 dagger
 i - a +0 dagger of venom
 k - a +0 short sword of venom (weapon)
Armour
 b - a +0 robe
 c - a +0 hat (worn)
 n - a +0 leather armour (worn)
Scrolls
 f - a scroll of teleportation {unknown}
 h - a scroll of identify {unknown}
 m - a scroll of noise {unknown}
Potions
 d - a potion of magic
 e - a potion of mutation {unknown}
 g - a potion of heal wounds {unknown}
 j - 2 potions of attraction {unknown}
 l - 2 potions of resistance {unknown}


   Skills:
 + Level 1.0 Fighting
 + Level 2.0 Dodging
 + Level 2.0 Stealth
 + Level 3.2 Spellcasting
 + Level 1.4 Conjurations
 + Level 1.5 Summonings
 + Level 1.3 Translocations


You had 3 spell levels left.
You knew the following spells:

 Your Spells              Type           Power      Damage    Failure   Level
a - Magic Dart            Conj           28%        1d4       10%         1
b - Blink                 Tloc           14%        N/A       16%         2
c - Call Imp              Summ           7%         N/A       14%         2

Your spell library contained the following spells:

 Spells                   Type           Power      Damage    Failure   Level
 Slow                     Hex            8%         N/A       17%         1
 Conjure Flame            Conj/Fire      5%         6-21      36%         3
 Mephitic Cloud           Conj/Pois/Air  4%         N/A       38%         3
 Frozen Ramparts          Ice            4%         1d1       45%         3
 Summon Ice Beast         Ice/Summ       5%         N/A       77%         4
 Ice Form                 Ice/Tmut       2%         N/A       86%         4


Dungeon Overview and Level Annotations

Branches:
Dungeon (2/15)

Altars:

Annotations:
D:2 Crazy Yiuf


Innate Abilities, Weirdness & Mutations

Your movements are less encumbered by armour. (ER -4)


Message History

Crazy Yiuf attacks as you move away! Crazy Yiuf barely misses you.
Your shadow imp gestures at Crazy Yiuf.
Crazy Yiuf writhes in agony!
Your shadow imp hits Crazy Yiuf.
Crazy Yiuf closely misses your shadow imp.
Your shadow imp gestures at Crazy Yiuf.
Crazy Yiuf writhes in agony.
Crazy Yiuf closely misses your shadow imp.
Your shadow imp hits Crazy Yiuf but does no damage.
Crazy Yiuf hits your shadow imp with a +3 quarterstaff of chaos!
Your shadow imp hits Crazy Yiuf.
Your shadow imp hits Crazy Yiuf.
Crazy Yiuf hits your shadow imp with a +3 quarterstaff of chaos.
Your shadow imp dies!
Your shadow imp disappears in a puff of smoke!
Casting: Call Imp (safe; 14% risk of failure)
Confirm with . or Enter, or press ? or * to list all spells.
A beastly little devil appears in a puff of flame.
Crazy Yiuf waves his quarterstaff at you.
Your crimson imp barely misses Crazy Yiuf.
Your crimson imp blinks!
Crazy Yiuf yells, "Adder!
Mugger broken Xom."
Your crimson imp blinks!
Crazy Yiuf yells, "Ten!"
Casting: Call Imp (safe; 14% risk of failure)
Confirm with . or Enter, or press ? or * to list all spells.
A beastly little devil appears in a puff of frigid air.
Crazy Yiuf says, "Crazy?
Crazy!?
PORCUPINE!"
Crazy Yiuf attacks as you move away!
Crazy Yiuf hits you with a +3 quarterstaff of chaos!
You feel your power leaking away. Crazy Yiuf attacks as you move away!
Crazy Yiuf barely misses you.
Your white imp gestures at Crazy Yiuf.
The puff of frost hits Crazy Yiuf.
You hit Crazy Yiuf.
Crazy Yiuf is almost dead.
Crazy Yiuf hits you with a +3 quarterstaff of chaos!
* * * LOW HITPOINT WARNING * * *
You convulse!
You die...

♣♣.♣ ##.#.#...........# . ♣.♣♣
...##.......########### ♣♣.♣♣
..#................... ♣...♣♣
#.#.#######........... ♣....♣
#.#.# #.#########. #....#
####...# ##+#.......#.
#....####......######.......##.#.
.....##.....................##.#.
...............g@####.......##.#.
.######.####..5.............##.#.
.######.# #...###...............
.#......# #...................#.
#.#########....#.##.###..#.####.
#......<......##.# #...... #.
#.######....####.# #.#..##.#.
#....# #.# #.#.## #. #....# #.#
#.#.. #.


You could see Crazy Yiuf (ally target) and a friendly white imp (summoned).

Vanquished Creatures
  A worm (D:2)
  3 dart slugs
  5 endoplasms
  2 giant cockroaches (D:1)
  4 hobgoblins
  3 jackals
  6 ball pythons
  3 bats (D:1)
  A frilled lizard (D:1)
  2 goblins (D:1)
  2 kobolds
  2 rats
34 creatures vanquished.

Vanquished Creatures (collateral kills)
  An endoplasm (D:2)
1 creature vanquished.

Grand Total: 35 creatures vanquished

Notes
Turn   | Place    | Note
-------+----------+-------------------------------------------
     0 | D:1      | Ashen the Demonspawn Hedge Wizard began the quest for the
                  | Orb.
     0 | D:1      | Reached XP level 1. HP: 13/13 MP: 4/4
   191 | D:1      | Reached skill level 1 in Translocations
   529 | D:1      | Gained mutation: Your movements are slightly less
                  | encumbered by armour. (ER -2) [demonic ancestry]
   529 | D:1      | Reached XP level 2. HP: 20/20 MP: 3/6
  1309 | D:1      | Learned a level 2 spell: Blink
  1312 | D:1      | Learned a level 2 spell: Call Imp
  2137 | D:2      | Reached skill level 1 in Fighting
  2137 | D:2      | Gained mutation: Your movements are less encumbered by
                  | armour. (ER -4) [demonic ancestry]
  2137 | D:2      | Reached XP level 3. HP: 20/26 MP: 7/7
  2899 | D:2      | Found a runed translucent door.
  2900 | D:2      | Noticed Crazy Yiuf
  2930 | D:2      | Slain by Crazy Yiuf

Illustrated notes

Levels and vault maps discovered:
D:1:      amcnicky_arrival_flooded_fountain, layout_loops_corners
D:2:      layout_basic, shapermc_ecumenical_altar_petra,
          nicolae_figureground_sparkle, uniq_crazy_yiuf_cottage

Skill      XL: |  1  2 |
---------------+-------+-----
Translocations | 1 |  1.3
Dodging        | 2 |  2.0
Stealth        | 2 |  2.0
Fighting       | 1 |  1.0
Spellcasting   | |  3.2
Conjurations   | |  1.4
Summonings     | |  1.5

Action                   || total
-------------------------++-------
Melee: Dagger            ||    28
       Short sword       ||    41
       Punch             ||     1
 Cast: Magic Dart        ||    57
       Call Imp          ||     4
 Stab: Sleeping          ||     2
Armor: Robe              ||    13
Dodge: Dodged            ||    56
